 Dungeon Crawl Stone Soup version 0.25.0-3-gd7cc568 (webtiles) character file.

Game seed: 16563389088296738660

37 razzle the Skirmisher (level 3, -2/42 HPs)
             Began as an Ogre Berserker on June 15, 2020.
             Was a Follower of Trog.
             Slain by a hobgoblin (3 damage)
             ... led by Robin
             ... on level 2 of the Dungeon.
             The game lasted 00:01:16 (1309 turns).

razzle the Skirmisher (Ogre Berserker)              Turns: 1309, Time: 00:01:17

Health: -2/42      AC:  3    Str: 22    XL:     3   Next: 39%
Magic:  3/3        EV:  5    Int:  8    God:    Trog [*.....]
Gold:   38         SH: 11    Dex:  8    Spells: 2/2 levels left

rFire    . . .     SeeInvis .   a - +0 mace
rCold    . . .     Gourm    .   d - +0 tower shield
rNeg     . . .     Faith    .   b - +0 animal skin
rPois    .         Spirit   .   (helmet restricted)
rElec    .         Reflect  .   (no cloak)
rCorr    .         Harm     .   (gloves unavailable)
MR       .....                  (boots unavailable)
Stlth    +.........             (no amulet)
HPRegen  0.14/turn              (no ring)
MPRegen  0.08/turn              (no ring)

@: berserk cooldown, slowed, very slow
A: large, unfitting armour, tough skin 1
a: Berserk, Renounce Religion


You were on level 2 of the Dungeon.
You worshipped Trog.
Trog was aware of your devotion.
You were very hungry.

You visited 1 branch of the dungeon, and saw 2 of its levels.

You collected 38 gold pieces.

Inventory:

Hand Weapons
 a - a +0 mace (weapon)
Armour
 b - a +0 animal skin (worn)
 d - a +0 tower shield (worn)
Scrolls
 f - a scroll of identify {unknown}
 g - 2 scrolls of magic mapping {unknown}
 h - 2 scrolls of remove curse {unknown}
 i - a scroll of enchant weapon {unknown}
 j - a scroll of amnesia {unknown}
 k - a scroll of random uselessness {unknown}
Potions
 e - a potion of might {unknown}
Comestibles
 c - a ration


   Skills:
 * Level 5.3 Fighting
 + Level 3.1 Maces & Flails
 - Level 2.6 Dodging


You had 2 spell levels left.
You didn't know any spells.
Your spell library was empty.

Dungeon Overview and Level Annotations

Branches:
Dungeon (2/15)

Altars:


Innate Abilities, Weirdness & Mutations

You are too large for most types of armour.
You have tough skin. (AC +1)


Message History

The goblin hits you with a cursed -2 hunting sling.
* * * LOW HITPOINT WARNING * * *
The goblin hits you.
* * * LOW HITPOINT WARNING * * *
You block the goblin's attack.
You hit the goblin.
You kill the goblin!
Trog accepts your kill.
The goblin no longer looks unusually strong.
You block the goblin's attack. x2; The goblin hits you but does no damage.
You block the goblin's attack. The goblin hits you.
* * * LOW HITPOINT WARNING * * *
Your shield prevents you from hitting the goblin.
The goblin no longer looks unusually strong. x3
The goblin barely misses you. You block the goblin's attack.
You block the hobgoblin's attack. The goblin barely misses you.
The goblin hits you with a +0 club.
* * * LOW HITPOINT WARNING * * *
The goblin barely misses you. The hobgoblin hits you.
You die...

.. ... #.# ##... #.# ..#.#
#.# #.#.# #.# #.#.#
#.#########.#.# #
####...........#.####.##.#
.........).....ggggg.....#
#.##(#.#####.###@gggg.....
#.##.#.# #.# ######.#.#.
#.##.#.# #.# .. #.##.#..
#.# ... .....##. #.# ..
#.#..# .# #.# . #.#..# .#
#.# #.#..# #.# #.#..#


You could see 2 hobgoblins and 7 goblins.

Vanquished Creatures
  Robin (D:2)
  An ooze (D:1)
  A ball python (D:1)
  3 bats (D:1)
  3 giant cockroaches (D:1)
  4 goblins
  2 hobgoblins (D:1)
  4 frilled lizards (D:1)
  A kobold (D:2)
  2 rats (D:1)
22 creatures vanquished.

Notes
Turn   | Place    | Note
-------+----------+-------------------------------------------
     0 | D:1      | razzle the Ogre Berserker began the quest for the Orb.
     0 | D:1      | Reached XP level 1. HP: 24/24 MP: 1/1
   209 | D:1      | Reached XP level 2. HP: 33/33 MP: 2/2
   778 | D:1      | Reached skill level 5 in Fighting
  1199 | D:1      | Reached XP level 3. HP: 40/42 MP: 3/3
  1292 | D:2      | Noticed Robin
  1303 | D:2      | Killed Robin
  1309 | D:2      | HP: 1/42 [goblin/+0 club[Robin] (5)]
  1309 | D:2      | Slain by a hobgoblin

Illustrated notes

Levels and vault maps discovered:
D:1:      ncdulo_halloftheorcs, layout_loops_ring
D:2:      layout_loops_ring, lemuel_blue_sif_altar,
          gammafunk_temple_overflow_statue, uniq_robin

Skill      XL: |  1  2 |
---------------+-------+-----
Maces & Flails | 3 |  3.1
Fighting       | 5 |  5.3
Dodging        | |  2.6

Action                   || total
-------------------------++-------
Melee: Mace              ||    95
Invok: Berserk           ||     1
  Eat: Chunk             ||     1
Armor: Animal skin       ||    33
Dodge: Dodged            ||    51
Block: Tower shield      ||    29
